Map: [ESL] Data-C

Players

Serral - Winner!

  • Race: Zerg Zerg
  • Spawn Location: 9:00

LiquidClem (Clem)

  • Race: Terran Terran
  • Spawn Location: 3:00

Event: HomeStory Cup XXI

VOD

Have the link to the VOD?

Description

Time

  • Played on: July 24, 2022, 5:53 p.m.
  • Length: 13:56

All games in this series

Show
View Real Time Build Order
Export as new Build Order

Serral Zerg - Winner!

Build Orders: Hatch First, Lurkers 

Get SALT Encoding   

  12  0:00  Drone  
  13  0:13  Overlord  
  13  0:18  Drone  
  14  0:31  Drone x2  
  16  0:48  Hatchery  
  15  0:51  Drone  
  15  0:55  Drone  
  17  0:58  Drone  
  18  1:09  Extractor  
  17  1:13  Spawning Pool  
  17  1:16  Drone  
  17  1:20  Drone  
  18  1:29  Drone  
  19  1:39  Drone  
  20  1:50  Drone  
  21  2:00  Queen x2  
  21  2:01  Zergling x4  
  27  2:11  Overlord  
  27  2:13  Drone  
  28  2:25  Hatchery  
  28  2:26  Drone  
  28  2:30  Drone  
  28  2:34  Drone x2  
  31  2:38  Metabolic Boost  
  31  2:45  Queen  
  31  2:50  Overlord  
  33  2:53  Drone  
  33  2:54  Drone  
  33  2:56  Drone  
  36  3:04  Overlord  
  36  3:11  Drone x4  
  40  3:16  Queen  
  40  3:18  Drone  
  43  3:22  Queen  
  43  3:24  Drone  
  43  3:26  Drone  
  47  3:37  Queen  
  47  3:38  Overlord  
  47  3:40  Zergling x2  
  50  3:44  Zergling x2  
  50  3:45  Drone x4  
  50  3:48  Drone  
  56  3:51  Queen  
  58  3:56  Overlord  
  58  3:57  Drone  
  58  4:01  Queen  
  61  4:07  Overlord  
  61  4:08  Zergling x2  
  61  4:09  Drone x2  
  64  4:11  Drone  
  64  4:12  Drone  
  64  4:16  Drone  
  67  4:20  Overlord  
  67  4:21  Zergling x2  
  67  4:23  Drone  
  69  4:26  Queen  
  69  4:28  Drone  
  69  4:30  Overlord  
  72  4:31  Drone x3  
  72  4:35  Lair  
  75  4:40  Zergling x2  
  75  4:43  Zergling x2  
  75  4:45  Drone  
  78  4:47  Drone x3  
  78  4:51  Extractor  
  80  4:52  Spore Crawler  
  80  4:54  Spore Crawler x2, Drone x2  
  80  4:58  Overlord  
  79  5:01  Zergling x2  
  79  5:04  Drone x4  
  79  5:06  Overlord  
  84  5:13  Extractor x2  
  82  5:14  Drone  
  82  5:15  Drone  
  82  5:18  Drone  
  82  5:19  Drone x4  
  89  5:22  Drone x2  
  89  5:23  Hatchery  
  89  5:26  Drone  
  91  5:29  Overlord  
  91  5:30  Drone  
  91  5:35  Evolution Chamber  
  91  5:36  Drone  
  91  5:37  Baneling Nest, Evolution Chamber  
  91  5:38  Drone  
  91  5:39  Overseer  
  91  5:40  Drone x3  
  94  5:44  Drone x4  
  94  5:46  Extractor  
  94  5:48  Hydralisk Den  
  96  5:53  Drone x3  
  96  5:54  Drone x2  
  96  5:55  Overlord  
  101  5:58  Drone  
  101  6:04  Zerg Melee Weapons Level 1, Zerg Ground Armor Level 1  
  102  6:07  Zergling x2  
  102  6:08  Drone x2  
  104  6:15  Drone x2  
  104  6:16  Drone  
  104  6:17  Zergling x8  
  111  6:20  Centrifugal Hooks  
  111  6:21  Zergling x2  
  111  6:22  Zergling x2  
  111  6:23  Baneling  
  111  6:24  Baneling x2  
  111  6:25  Baneling  
  113  6:27  Zergling x4  
  113  6:28  Zergling x2  
  113  6:30  Muscular Augments, Hatchery  
  113  6:32  Overlord  
  115  6:36  Queen  
  115  6:39  Zergling x8  
  121  6:43  Baneling x4  
  121  6:46  Zergling x14  
  128  6:51  Overlord  
  129  6:54  Zergling x10  
  129  6:59  Baneling x2, Zergling x6  
  136  7:01  Baneling x6  
  136  7:06  Extractor  
  135  7:10  Drone x3  
  135  7:11  Drone  
  126  7:16  Zergling x18  
  126  7:19  Baneling  
  126  7:20  Baneling x6  
  126  7:22  Zergling x4  
  135  7:27  Overlord x2  
  134  7:35  Hydralisk x2  
  134  7:36  Hydralisk x6  
  149  7:39  Drone x2  
  149  7:40  Extractor  
  149  7:41  Drone  
  149  7:42  Grooved Spines  
  149  7:43  Infestation Pit  
  149  7:44  Zergling x2  
  151  7:46  Baneling x2  
  151  7:47  Baneling  
  151  7:49  Zergling x2  
  151  7:50  Zergling x4  
  154  7:55  Zergling x18  
  163  8:02  Zerg Melee Weapons Level 2  
  163  8:04  Overlord x3  
  163  8:07  Drone  
  163  8:08  Drone x3  
  163  8:09  Drone x3, Extractor  
  169  8:14  Zergling x4  
  169  8:19  Zergling x6  
  173  8:22  Overseer  
  173  8:24  Baneling x7  
  173  8:25  Baneling  
  170  8:31  Zerg Ground Armor Level 2  
  170  8:33  Hive, Queen  
  170  8:34  Zergling x26  
  170  8:37  Overlord  
  170  8:41  Overlord  
  181  8:44  Overlord  
  181  8:46  Zergling x14  
  185  8:51  Baneling  
  185  8:52  Baneling x12  
  183  8:59  Zergling x8  
  183  9:00  Zergling x4  
  183  9:01  Lurker Den  
  173  9:11  Zergling x26  
  172  9:21  Zergling x8  
  175  9:24  Pneumatized Carapace  
  175  9:30  Drone x2  
  175  9:31  Drone  
  167  9:32  Drone x2  
  167  9:34  Spore Crawler  
  168  9:38  Baneling x7, Hydralisk  
  168  9:39  Baneling, Zergling x4  
  168  9:40  Zergling x18  
  181  9:48  Viper x2  
  181  9:51  Hatchery  
  186  9:53  Overlord  
  186  10:05  Zergling x38  
  197  10:07  Adrenal Glands, Seismic Spines  
  197  10:21  Drone x2  
  197  10:22  Drone  
  197  10:24  Burrow  
  197  10:26  Baneling x8  
  197  10:27  Overseer  
  199  10:36  Zerg Missile Weapons Level 1  
  199  10:43  Zergling x6  
  199  10:44  Zergling x2  
  200  10:53  Extractor  
  200  10:54  Extractor  
  191  10:57  Baneling x4  
  191  11:00  Zergling x4  
  191  11:01  Zergling x16  
  191  11:03  Zergling x8  
  174  11:21  Zergling x30  
  174  11:25  Overlord  
  184  11:27  Baneling x7  
  184  11:29  Zergling x28  
  184  11:32  Baneling  
  198  11:33  Baneling x7  
  198  11:39  Overseer  
  198  11:42  Nydus Network, Adaptive Talons, Pathogen Glands  
  198  11:44  Zergling x6  
  200  11:47  Baneling x4  
  200  11:48  Baneling  
  169  12:03  Zergling x50  
  176  12:10  Zergling x10  
  176  12:14  Zergling x2  
  166  12:21  Overseer  
  165  12:23  Hydralisk x2  
  165  12:24  Hydralisk x2, Zergling x2  
  165  12:25  Zergling x6, Baneling x3  
  165  12:26  Baneling x7  
  165  12:27  Drone  
  165  12:28  Drone x2  
  165  12:29  Spore Crawler  
  179  12:30  Zergling x4  
  179  12:33  Baneling x10, Overseer x2  
  179  12:37  Zergling x2  
  182  12:42  Zergling x10  
  167  12:46  Zergling x22  
  167  12:47  Zergling x4  
  167  12:50  Lurker x9  
  167  12:51  Lurker  
  189  13:01  Zergling x20  
  189  13:03  Baneling x13  
  199  13:07  Overseer  
  199  13:09  Nydus Canal  
  191  13:17  Zergling x2  
  191  13:18  Zergling x40  
  198  13:20  Overseer  
  198  13:21  Baneling x7  
  198  13:34  Zergling x2  
Show
View Real Time Build Order
Export as new Build Order

LiquidClem Terran 

Build Orders: Reaper Expand, Hellion Banshee 

Get SALT Encoding   

  12  0:00  SCV  
  13  0:12  SCV  
  14  0:16  Supply Depot  
  14  0:24  SCV  
  15  0:38  SCV  
  15  0:39  Barracks  
  16  0:44  Refinery  
  16  0:50  SCV  
  17  1:02  SCV  
  18  1:14  SCV  
  19  1:27  Orbital Command, Reaper  
  20  1:40  Command Center  
  20  1:48  Supply Depot  
  20  1:52  SCV  
  21  1:59  Marine  
  22  2:04  SCV  
  23  2:12  Factory  
  23  2:16  SCV  
  23  2:21  Barracks Reactor  
  24  2:28  SCV  
  25  2:39  Command Center  
  25  2:42  SCV  
  26  2:51  Orbital Command  
  26  2:54  SCV  
  27  3:00  Starport  
  27  3:05  Refinery  
  27  3:07  SCV  
  27  3:12  Hellion  
  30  3:16  Hellion  
  30  3:18  SCV  
  30  3:19  SCV  
  34  3:22  Barracks Tech Lab  
  34  3:30  SCV  
  34  3:31  SCV  
  34  3:33  Hellion  
  38  3:37  Hellion  
  40  3:42  SCV  
  40  3:43  Banshee  
  40  3:47  SCV  
  45  3:54  Cloaking Field, SCV  
  45  3:55  Orbital Command  
  46  3:58  Hellion  
  46  3:59  SCV  
  51  4:02  Hellion  
  51  4:06  Supply Depot  
  51  4:07  Barracks Tech Lab  
  51  4:09  SCV  
  52  4:12  SCV  
  53  4:21  Hellion, SCV  
  53  4:22  SCV  
  53  4:24  Hellion, SCV  
  60  4:30  Supply Depot  
  60  4:32  Banshee  
  60  4:33  SCV  
  60  4:34  SCV  
  60  4:36  Stimpack  
  60  4:37  Marine  
  66  4:40  SCV  
  67  4:46  Orbital Command  
  67  4:48  Barracks x2  
  67  4:50  SCV  
  67  4:51  Refinery  
  67  4:52  SCV  
  69  4:54  Factory Reactor  
  69  4:55  Marine  
  69  4:58  Refinery  
  70  5:00  Engineering Bay  
  70  5:02  SCV  
  70  5:03  Engineering Bay  
  70  5:04  SCV  
  72  5:11  Supply Depot  
  72  5:13  Marine  
  71  5:14  SCV  
  71  5:15  SCV  
  71  5:16  SCV  
  73  5:21  Barracks  
  73  5:23  Barracks  
  73  5:26  SCV  
  73  5:27  Starport Reactor  
  74  5:29  Terran Infantry Armor Level 1, Terran Infantry Weapons Level 1  
  74  5:30  SCV, Marine  
  74  5:33  SCV, Supply Depot  
  77  5:36  Marine x2  
  77  5:40  SCV  
  77  5:42  SCV  
  81  5:44  Supply Depot  
  81  5:46  Marine x2  
  81  5:47  SCV  
  81  5:48  Marine  
  85  5:53  Supply Depot  
  85  5:55  SCV x2, Siege Tank  
  85  5:56  Marine  
  91  5:57  Marine  
  91  5:59  SCV  
  91  6:04  Armory  
  93  6:06  Marine, Medivac x2  
  93  6:07  SCV  
  93  6:11  Bunker, SCV  
  100  6:12  Marine  
  100  6:15  Barracks Reactor  
  100  6:18  Refinery, Marine x2  
  103  6:19  Barracks Reactor  
  103  6:20  SCV  
  103  6:21  SCV  
  103  6:23  Combat Shield  
  103  6:24  SCV  
  106  6:28  Supply Depot  
  106  6:30  Supply Depot  
  106  6:32  Marine x3  
  108  6:33  SCV x2  
  108  6:36  Marine  
  108  6:39  Factory  
  112  6:40  Marine  
  112  6:46  Siege Tank  
  117  6:48  Supply Depot  
  117  6:50  Marine x2  
  117  6:53  Command Center  
  118  6:54  Marine  
  118  6:55  Marine  
  118  6:56  Marine  
  118  6:57  Marine  
  118  7:00  Marine  
  123  7:01  Marine  
  123  7:03  Medivac x2  
  123  7:05  Drilling Claws  
  123  7:07  Marine  
  129  7:12  Marine  
  117  7:17  Marine x5  
  117  7:19  Marine  
  117  7:21  Marine, Widow Mine  
  120  7:25  Factory Reactor  
  120  7:27  Marine  
  121  7:30  Supply Depot, Terran Infantry Weapons Level 2, Marine  
  121  7:34  Marine  
  121  7:35  Terran Infantry Armor Level 2, Missile Turret  
  121  7:36  Marine x3  
  121  7:37  Marine x2  
  126  7:39  SCV x3, Marine  
  132  7:45  Supply Depot, Marine  
  132  7:47  Marine  
  132  7:48  Widow Mine  
  136  7:52  Marine  
  136  7:54  Marine x3  
  140  8:01  Marine x2  
  140  8:02  Terran Vehicle And Ship Armor Level 1  
  140  8:05  Supply Depot, Widow Mine  
  144  8:07  Marine x3  
  144  8:09  Widow Mine  
  149  8:14  SCV  
  149  8:16  Marine x4, Widow Mine  
  149  8:19  Marine x2  
  157  8:25  Marine  
  159  8:27  Widow Mine  
  159  8:30  Widow Mine  
  159  8:31  Barracks x2  
  159  8:32  Planetary Fortress  
  159  8:33  Barracks  
  159  8:34  SCV  
  159  8:37  Marine x2  
  159  8:38  SCV, Widow Mine  
  163  8:45  SCV  
  156  8:49  Marine x3, Sensor Tower, Widow Mine  
  156  8:52  Widow Mine  
  156  8:53  Supply Depot, Marine  
  156  8:55  SCV  
  160  8:56  Marine  
  160  8:57  Marine  
  160  8:58  SCV  
  160  8:59  Widow Mine  
  165  9:06  Marine  
  165  9:09  Marine, Medivac x2  
  165  9:10  Widow Mine  
  165  9:13  Marine, Widow Mine  
  165  9:14  Marine x2  
  164  9:20  SCV, Widow Mine  
  164  9:21  Marine, Sensor Tower  
  164  9:22  Marine  
  164  9:23  SCV  
  167  9:25  Marine  
  167  9:29  Marine x2  
  167  9:30  Marine  
  158  9:32  Barracks Tech Lab x3  
  158  9:35  SCV, Widow Mine  
  158  9:36  SCV x2, Ghost Academy  
  162  9:39  Medivac x2  
  164  9:47  Marine x2  
  164  9:49  Marine x2  
  164  9:50  Factory Tech Lab  
  164  9:52  Command Center  
  168  9:54  Refinery  
  168  9:55  Refinery  
  168  9:57  Terran Vehicle Weapons Level 1  
  174  10:04  Ghost, Siege Tank, Marine  
  174  10:05  Ghost x2  
  172  10:13  SCV  
  167  10:16  Marine x2  
  169  10:21  Terran Infantry Weapons Level 3  
  169  10:22  Missile Turret  
  169  10:24  Missile Turret  
  169  10:29  Supply Depot, Command Center  
  169  10:33  Terran Infantry Armor Level 3  
  169  10:37  Marine x2  
  169  10:38  Marine x2  
  169  10:39  Ghost  
  169  10:41  Marauder  
  177  10:42  Marauder  
  177  10:43  Marauder  
  177  10:44  Widow Mine  
  181  10:51  Marine x2  
  181  10:56  Siege Tank  
  186  10:59  Marine  
  186  11:01  Orbital Command  
  186  11:02  Marine, Marauder  
  184  11:05  Siege Tank  
  184  11:09  Marauder, Command Center  
  185  11:12  Marine x4  
  185  11:15  SCV  
  185  11:17  SCV  
  169  11:20  SCV  
  169  11:24  Marine  
  169  11:27  SCV  
  169  11:28  SCV  
  169  11:30  Factory Tech Lab  
  169  11:32  Marine x4  
  175  11:34  SCV  
  175  11:38  SCV, Siege Tank  
  180  11:45  Sensor Tower  
  180  11:48  Planetary Fortress  
  180  11:49  Orbital Command  
  180  11:51  Siege Tank  
  183  11:57  Medivac  
  183  11:58  Marine x5  
  183  11:59  Marine x2  
  183  12:01  Marine  
  159  12:03  Marine x4  
  137  12:10  SCV, Siege Tank  
  137  12:13  SCV  
  137  12:14  SCV  
  129  12:16  SCV x2, Marine x2  
  129  12:21  Ghost x2  
  129  12:22  SCV  
  138  12:25  SCV x2  
  138  12:26  SCV  
  138  12:28  SCV x2  
  143  12:34  SCV  
  144  12:37  SCV  
  144  12:42  Ghost, Siege Tank, Marine  
  138  12:45  Factory Tech Lab  
  138  12:46  Ghost, Marine x2  
  138  12:47  Marine  
  138  12:49  SCV  
  138  12:50  Ghost  
  146  12:52  Refinery  
  146  12:53  Concussive Shells  
  146  12:54  Refinery x2  
  146  12:56  SCV  
  146  12:57  SCV x2  
  149  12:58  SCV  
  149  13:02  SCV  
  149  13:03  Missile Turret, Sensor Tower  
  151  13:11  Marine  
  152  13:13  Marine  
  152  13:14  Siege Tank  
  146  13:20  Siege Tank  
  146  13:25  Marine x4, Sensor Tower  
  146  13:26  Missile Turret  
  153  13:28  Marine x2  
  153  13:29  Marine  
  153  13:31  SCV x2  
  153  13:34  SCV  
Tags
 
Add a new tag
Caveats
  • Supply blocks, unpowered buildings, or Contaminate may cause inaccurate times.
  • Supply counts are checked every 10 seconds.